 Dungeon Crawl Stone Soup version 0.29-a0-824-gd827844 (webtiles) character file.

Game seed: 3885220707898263911

13 PurpleRed the Sneak (level 2, 0/17 HPs)
             Began as a Deep Elf Brigand on July 9, 2022.
             Succumbed to a hobgoblin's poison
             ... on level 2 of the Dungeon.
             The game lasted 00:02:15 (198 turns).

PurpleRed the Sneak (Deep Elf Brigand)               Turns: 198, Time: 00:02:16

Health: 0/17       AC:  3    Str:  7    XL:     2   Next: 24%
Magic:  6/7        EV: 12    Int: 14    God:
Gold:   42         SH:  0    Dex: 22    Spells: 5/5 levels left

rFire   + . .      SeeInvis .   a - +2 dagger
rCold   . . .      Faith    .   (no shield)
rNeg    . . .      Spirit   .   b - +0 robe
rPois   .          Reflect  .   (helmet restricted)
rElec   .          Harm     .   c - +0 cloak
rCorr   .          Rampage  .   (no gloves)
Will    .....                   (no boots)
Stlth   ++++......              (no amulet)
HPRegen 0.05/turn               (no ring)
MPRegen 0.10/turn               (no ring)

@: lethally poisoned (0 -> -2)
A: horns 1, thin skeletal structure 1, agile 1, deterioration 1, fire resistance
1
a: no special abilities


You were on level 2 of the Dungeon.
You visited 1 branch of the dungeon, and saw 2 of its levels.

You collected 42 gold pieces.

Inventory:

Hand Weapons
 a - a +2 dagger (weapon)
Missiles
 d - 9 poisoned darts (quivered)
 e - 3 curare-tipped darts
Armour
 b - a +0 robe (worn)
 c - a +0 cloak (worn)
Scrolls
 g - a scroll of fear {unknown}
 h - a scroll of enchant armour {unknown}


   Skills:
 - Level 2.0 Fighting
 - Level 2.0 Short Blades
 - Level 2.0 Throwing
 - Level 1.2 Dodging
 - Level 4.8 Stealth
 + Level 2.0 Spellcasting


You had 5 spell levels left.
You didn't know any spells.
Your spell library was empty.

Dungeon Overview and Level Annotations

Branches:
Dungeon (2/15)

Altars:


Innate Abilities, Weirdness & Mutations

You have a pair of small horns on your head.
You have a somewhat thin skeletal structure. (Dex +2, Stealth+)
You are agile. (Dex +4, Str/Int -1)
Your body sometimes deteriorates upon taking damage.
Your flesh is heat resistant. (rF+)


Message History

The quokka closely misses you.
You hit the quokka.
You kill the quokka!
Your Spellcasting skill increases to level 2!
You see here an adder corpse.
You see here a +0 short sword.
Found 17 gold pieces.
A hobgoblin comes into view. It is quivering poisoned darts.
Found a dagger.
The hobgoblin shouts!
You hear an angry hiss.
The hobgoblin throws a poisoned dart.
The poisoned dart hits you!
You are lethally poisoned!
The bat completely misses you.
It was a potion of mutation.
You feel extremely strange.
You feel yourself wasting away.
You feel less in control of your magic.
You feel agile. A pair of horns grows on your head!
You feel sick. The bat barely misses you. The bat closely misses you.
Really quaff the potion of mutation?
You feel extremely strange.
You feel clumsy.
You regain control of your magic.
You feel agile.
Your bones become slightly less dense.
You feel resistant to heat.
* * * LOW HITPOINT WARNING * * *
You feel sick. The bat completely misses you.
The bat hits you but does no damage. The bat attacks as you move away!
The bat hits you but does no damage.
Found a ruby potion and a blue potion.
* * * LOW HITPOINT WARNING * * *
You feel sick. The bat closely misses you.
A frilled lizard comes into view.
The hobgoblin hits you.
* * * LOW HITPOINT WARNING * * *
Found 3 stones and a book of Necromancy.
* * * LOW HITPOINT WARNING * * *
You feel sick. The hobgoblin misses you. The bat hits you but does no damage.
You see here a bubbling white potion.
It was a potion of cancellation.
You feel magically purged.
* * * LOW HITPOINT WARNING * * *
You feel sick. The bat closely misses you.
The hobgoblin hits you but does no damage.
You die...

#### ... ..:
###.####
#..l#$!# #
...#.w#.#
##.#.###.g.g..##
.........b### .#
###.#.@#...#..#
#!(#..)#..#
##.####.###..#
...b.........#
###...##.....#
#..# ##)#.##
...# #†# # ..$.
#.# ### #.#


You could see a dart slug, 2 hobgoblins, a bat and a frilled lizard.

Vanquished Creatures
  An adder (D:2)
  A quokka (D:2)
  2 bats (D:1)
  A frilled lizard (D:1)
5 creatures vanquished.

Notes
Turn   | Place    | Note
-------+----------+-------------------------------------------
     0 | D:1      | PurpleRed the Deep Elf Brigand began the quest for the Orb.
     0 | D:1      | Reached XP level 1. HP: 12/12 MP: 3/3
     2 | D:1      | Noticed a draconian
     2 | D:1      | Noticed a dwarf
     4 | D:1      | Noticed a tengu
     4 | D:1      | Noticed a minotaur
     6 | D:1      | Noticed a demigod
     8 | D:1      | Noticed a demonspawn
     8 | D:1      | Noticed a formicid
    10 | D:1      | Noticed a ghoul
    12 | D:1      | Noticed a troll
    14 | D:1      | Noticed a vine stalker
    16 | D:1      | Noticed a felid
    16 | D:1      | Noticed an ogre
    18 | D:1      | Noticed an octopode
    18 | D:1      | Noticed a naga
    20 | D:1      | Noticed a gargoyle
    22 | D:1      | Noticed a vampire
    22 | D:1      | Noticed a merfolk
    24 | D:1      | Noticed a human
    24 | D:1      | Noticed a spriggan
    26 | D:1      | Noticed an elf
   172 | D:2      | Reached skill level 1 in Spellcasting
   172 | D:2      | Reached XP level 2. HP: 17/17 MP: 4/6
   193 | D:2      | Gained mutation: Your body sometimes deteriorates upon
                  | taking damage. [potion of mutation]
   193 | D:2      | Gained mutation: Your spells are a little harder to cast,
                  | but a little more powerful. [potion of mutation]
   193 | D:2      | Gained mutation: You are agile. (Dex +4, Str/Int -1)
                  | [potion of mutation]
   193 | D:2      | Gained mutation: You have a pair of small horns on your
                  | head. [potion of mutation]
   194 | D:2      | Lost mutation: You are agile. (Dex +4, Str/Int -1) [potion
                  | of mutation]
   194 | D:2      | Lost mutation: Your spells are a little harder to cast, but
                  | a little more powerful. [potion of mutation]
   194 | D:2      | Gained mutation: You are agile. (Dex +4, Str/Int -1)
                  | [potion of mutation]
   194 | D:2      | Gained mutation: You have a somewhat thin skeletal
                  | structure. (Dex +2, Stealth+) [potion of mutation]
   194 | D:2      | Gained mutation: Your flesh is heat resistant. (rF+)
                  | [potion of mutation]
   198 | D:2      | Succumbed to a hobgoblin's poison

Illustrated notes

Levels and vault maps discovered:
D:1:      kb_arrival_jail, layout_loops_ring, ebering_ecumenical_altar_mist
D:2:      layout_loops_ring, amcnicky_mini_pool_small, minmay_octomino_c4,
          uniq_jessica

Skill      XL: |  1  2 |
---------------+-------+-----
Fighting       | 2 |  2.0
Spellcasting   | 1 2 |  2.0
Short Blades   | |  2.0
Throwing       | |  2.0
Dodging        | |  1.2
Stealth        | |  4.8

Action                   || total
-------------------------++-------
Melee: Dagger            ||    14
Throw: Dart              ||     1
  Use: Potion            ||     3
 Stab: Sleeping          ||     2
Armor: Robe              ||     7
Dodge: Dodged            ||    16

Table legend: (Time is in decaauts)
 A = Elapsed time spent in this place.
 B = Non-inter-level travel time spent in this place.
 C = Inter-level travel time spent in this place.
 D = Time resting spent in this place.
 E = Time spent auto-exploring this place.
 F = Levels seen in this place.
 G = Mean time per level.
                   A        B        C        D        E       F      G
               +--------+--------+--------+--------+--------+-----+--------+
         Total |    196 |    196 |      0 |      0 |      0 |   2 |   98.0 |
       Dungeon |    196 |    196 |      0 |      0 |      0 |   2 |   98.0 |
               +--------+--------+--------+--------+--------+-----+--------+

Top non-repeatable levels by time:
     D:1: 128 daAuts
     D:2: 68 daAuts
